cohdb
Replays
Latest Replays
All Replays
Popular Replays
Top Player Replays
Match Explorer
How It Works
Community
CoH3 Stats
Reddit
Sign in to upload your games and track your stats! →
Sign in with Steam
Match 47051314
Unlisted
Match 47051314
Overview
Messages
Build Orders
End
Kradschützen Motorcycle Team
Panzerpioneer Squad
Panzerpioneer Squad
Selects Panzerjäger Kommand Battlegroup
Selects Blockade Equipment
Construct Light Support Kompanie
Assault Grenadier Squad
Assault Grenadier Squad
Panzerjäger Mechanized Group
AI Takeover
Tony Horton Pro Skater
Hero
Esxile
这里也 没有
0
0
Comments
sign in to comment!
No comments posted yet!